Map: Orbital Shipyard

Players

Kaldi - Winner!

  • Race: Zerg Zerg
  • League: Master

turboD

  • Race: Protoss Protoss
  • League: Master

VOD

Have the link to the VOD?

Description

Time

  • Played on: March 13, 2016, 8:36 a.m.
  • Length: 9:08
Show
View Real Time Build Order
Export as new Build Order

Kaldi Zerg - Winner!

Build Orders: Pool First 

Get SALT Encoding   

  12  0:04  Drone  
  13  0:12  Overlord  
  13  0:19  Drone  
  14  0:35  Spawning Pool  
  13  0:38  Drone  
  14  0:44  Drone  
  14  0:46  Drone  
  16  0:54  Drone  
  17  1:15  Hatchery  
  16  1:20  Drone  
  16  1:22  Zergling x2  
  16  1:24  Zergling x2  
  19  1:33  Zergling x2  
  19  1:38  Queen  
  22  1:44  Overlord  
  22  2:08  Hatchery  
  22  2:11  Drone x2  
  23  2:19  Drone  
  24  2:32  Drone x2  
  26  2:40  Drone x2  
  28  2:46  Drone x3  
  31  2:55  Drone x2  
  32  3:00  Queen  
  32  3:04  Drone x2  
  36  3:10  Overlord  
  36  3:21  Drone x3  
  36  3:23  Extractor  
  36  3:25  Extractor, Drone  
  37  3:28  Queen  
  37  3:32  Drone x2  
  41  3:38  Drone  
  41  3:39  Drone x2  
  41  3:41  Drone  
  44  3:44  Drone x2  
  46  3:58  Drone x2  
  46  4:01  Drone  
  49  4:06  Roach Warren  
  49  4:07  Overlord  
  49  4:09  Overlord  
  48  4:12  Drone x2  
  48  4:16  Metabolic Boost  
  50  4:17  Extractor  
  50  4:18  Zergling x2  
  50  4:26  Drone x8  
  58  4:31  Overlord  
  58  4:36  Overlord  
  58  4:40  Zergling x2  
  58  4:45  Drone x3  
  62  4:48  Zergling x6  
  62  4:52  Roach x4  
  73  4:54  Overlord x2  
  73  5:01  Drone  
  73  5:06  Extractor  
  73  5:07  Evolution Chamber, Lair  
  73  5:11  Drone x3  
  75  5:16  Drone x3  
  75  5:17  Drone  
  78  5:21  Evolution Chamber  
  78  5:23  Zergling x10  
  82  5:34  Overlord, Zerg Melee Weapons Level 1  
  82  5:35  Overlord  
  82  5:39  Zergling x4  
  82  5:40  Hatchery  
  81  5:49  Drone  
  82  5:50  Drone  
  82  5:51  Overlord x4  
  77  6:21  Extractor, Drone x3  
  77  6:22  Drone x3, Spire  
  77  6:23  Extractor, Drone  
  77  6:24  Drone x2  
  77  6:25  Spine Crawler  
  82  6:28  Zerg Ground Armor Level 1  
  82  6:36  Zergling x2  
  82  6:37  Zergling x8  
  82  6:39  Zergling x6  
  90  6:46  Zergling x2  
  91  6:50  Zergling x8  
  91  6:53  Hatchery  
  93  7:01  Zergling x14  
  98  7:05  Queen  
  98  7:06  Queen  
  102  7:10  Zergling x12  
  106  7:16  Overlord x2  
  105  7:35  Mutalisk x7  
  105  7:36  Mutalisk x4  
  106  7:55  Mutalisk x5  
  106  7:57  Zergling x2  
  106  7:58  Zergling x8  
  111  8:05  Drone x10  
  97  8:11  Mutalisk x2  
  99  8:25  Hatchery, Mutalisk  
  99  8:27  Zergling x14  
  106  8:37  Extractor  
  106  8:38  Extractor, Mutalisk x2  
  108  8:41  Zergling x6  
  110  8:49  Drone x4  
Show
View Real Time Build Order
Export as new Build Order

turboD Protoss 

Build Orders: Nexus First 

Get SALT Encoding   

  12  0:01  Probe (Chrono Boost)  
  13  0:11  Probe (Chrono Boost)  
  14  0:18  Pylon  
  14  0:23  Probe (Chrono Boost)  
  15  0:29  Assimilator  
  15  0:36  Probe (Chrono Boost)  
  16  0:46  Probe (Chrono Boost)  
  17  1:04  Nexus  
  17  1:09  Probe (Chrono Boost)  
  18  1:20  Gateway  
  18  1:21  Probe (Chrono Boost)  
  19  1:35  Pylon, Probe (Chrono Boost)  
  20  1:46  Probe (Chrono Boost)  
  21  1:57  Probe (Chrono Boost)  
  22  2:07  Cybernetics Core, Probe (Chrono Boost)  
  25  2:15  Forge  
  25  2:18  Probe (Chrono Boost)  
  26  2:23  Zealot (Chrono Boost)  
  26  2:26  Pylon  
  25  2:37  Pylon  
  25  2:50  Mothership Core  
  24  3:03  Probe  
  24  3:04  Warp Gate  
  25  3:09  Pylon  
  25  3:11  Probe  
  25  3:20  Probe  
  25  3:23  Probe  
  27  3:30  Protoss Ground Weapons Level 1  
  27  3:31  Probe  
  28  3:45  Probe (Chrono Boost)  
  28  3:47  Probe (Chrono Boost)  
  29  3:56  Probe (Chrono Boost)  
  29  3:58  Robotics Facility, Probe (Chrono Boost)  
  31  4:06  Probe (Chrono Boost)  
  31  4:08  Probe (Chrono Boost)  
  33  4:15  Zealot  
  35  4:17  Probe (Chrono Boost)  
  35  4:19  Probe (Chrono Boost)  
  37  4:28  Probe (Chrono Boost)  
  37  4:29  Probe (Chrono Boost)  
  39  4:37  Pylon  
  39  4:38  Probe (Chrono Boost)  
  40  4:40  Probe (Chrono Boost)  
  41  4:45  Warp Prism (Chrono Boost)  
  45  5:02  Gateway  
  45  5:03  Gateway  
  45  5:06  Assimilator  
  45  5:11  Probe  
  44  5:20  Stalker  
  46  5:25  Gateway  
  46  5:26  Gateway  
  46  5:27  Gateway  
  46  5:30  Gateway  
  46  5:31  Gateway  
  46  5:34  Immortal  
  50  5:40  Stalker  
  48  5:47  Gateway  
  48  5:49  Gateway  
  48  5:56  Gateway  
  48  5:58  Gateway  
  48  6:00  Gateway  
  48  6:07  Zealot x3  
  53  6:19  Immortal  
  53  6:23  Pylon  
  53  6:24  Pylon  
  57  6:26  Pylon  
  57  6:27  Pylon  
  53  6:57  Pylon  
  52  7:05  Zealot  
  52  7:10  Zealot x3  
  52  7:32  Zealot x2  
  52  7:33  Zealot x6  
  52  7:34  Zealot x2  
  70  7:53  Zealot x3  
  70  7:54  Zealot x5  
  82  8:00  Zealot x2  
  82  8:07  Photon Cannon  
  82  8:08  Photon Cannon  
  66  8:23  Photon Cannon  
  66  8:25  Assimilator  
  54  8:27  Pylon, Assimilator  
  54  8:29  Probe  
  54  8:30  Probe  
  54  8:31  Twilight Council  
  46  8:41  Stalker x4  
  52  8:43  Probe  
Tags
 
Add a new tag
Caveats
  • Supply blocks, unpowered buildings, or Contaminate may cause inaccurate times.
  • Supply counts are checked every 10 seconds.